 Dungeon Crawl Stone Soup version 0.29-a0-341-g24ffce5b50 (webtiles) character file.

Game seed: 5731561447406357712

145 spaghetti the Gusty (level 5, -8/42 HPs)
             Began as a Naga Air Elementalist on Apr 20, 2022.
             Was a Believer of Cheibriados.
             Mangled by an iguana (11 damage)
             ... on level 4 of the Dungeon.
             The game lasted 00:06:15 (3594 turns).

spaghetti the Gusty (Naga Air Elementalist)         Turns: 3594, Time: 00:06:16

Health: -8/42      AC:  4    Str: 14    XL:     5   Next: 27%
Magic:  10/10      EV: 10    Int: 22    God:    Cheibriados [**....]
Gold:   149        SH:  0    Dex: 15    Spells: 7/10 levels left

rFire   . . .      SeeInvis +   d - +1 dagger {short}
rCold   . . .      Faith    .   (no shield)
rNeg    . . .      Spirit   .   a - +0 robe
rPois   +          Reflect  .   v - +2 hat
rElec   .          Harm     .   (no cloak)
rCorr   .          Rampage  .   (no gloves)
Will    .....                   (no barding)
Stlth   +.........              (no amulet)
HPRegen 0.14/turn               f - ring of willpower
MPRegen 0.12/turn               (no ring)

@: silenced, weak-willed, very slow
A: AC +1, large, see invisible, deformed body, poison resistance, slowness 2,
spit poison 1, naga tail 1
a: Spit Poison, Renounce Religion


You were on level 4 of the Dungeon.
You worshipped Cheibriados.
Cheibriados was pleased with you.
You visited 1 branch of the dungeon, and saw 4 of its levels.

You collected 149 gold pieces.


Innate Abilities, Weirdness & Mutations

Your serpentine skin is tough. (AC +1)
You have supernaturally acute eyesight. (SInv)
Armour fits poorly on your strangely shaped body.
Your system is resistant to poisons. (rPois)
You cover ground very slowly.
You can spit poison.
You have a snake-like lower body.


   Skills:
 - Level 1.5 Dodging
 - Level 3.0 Stealth
 * Level 1.5 Shields
 * Level 3.4 Spellcasting
 - Level 1.0 Conjurations
 * Level 1.1 Summonings
 + Level 4.0 Air Magic


You had 7 spell levels left.
You knew the following spells:

 Your Spells              Type           Power      Damage    Failure   Level
a - Shock                 Conj/Air       56%        1d6       4%          1
b - Static Discharge      Conj/Air       14%        N/A       6%          2

Your spell library contained the following spells:

 Spells                   Type           Power      Damage    Failure   Level
 Swiftness                Air            21%        N/A       7%          3
 Sublimation of Blood     Necr           3%         N/A       19%         2
 Wereblood                Tmut           3%         N/A       19%         2
 Airstrike                Air            10%        N/A       22%         4
 Summon Hydra             Summ           4%         N/A       100%        7

Inventory:

Hand Weapons
 d - a +1 dagger (weapon) {short}
   (You took it off a kobold on level 1 of the Dungeon)
 k - a +0 dagger of speed {short}
   (You found it on level 1 of the Dungeon)
Missiles
 h - 111 stones {throwing}
 r - 2 boomerangs {throwing}
 t - 3 poisoned darts {throwing}
Armour
 a - a +0 robe (worn)
 l - a +0 kite shield
   (You found it on level 2 of the Dungeon)
 v - a +2 hat (worn)
   (You found it on level 3 of the Dungeon)
Jewellery
 f - a ring of willpower (left hand)
   (You found it on level 1 of the Dungeon)
 w - a ring of poison resistance
   (You found it on level 3 of the Dungeon)
 y - a ring of positive energy
   (You found it on level 3 of the Dungeon)
Wands
 o - a wand of iceblast (11)
   (You found it on level 2 of the Dungeon)
Scrolls
 e - 5 scrolls of identify {unknown}
 i - 4 scrolls of teleportation {unknown}
 q - a scroll of blinking {unknown}
 s - a scroll of noise {unknown}
Potions
 b - a potion of magic
 p - a potion of cancellation

Dungeon Overview and Level Annotations

Branches:
Dungeon (4/15)
 Temple: D:4-7

Altars:
Cheibriados
Kikubaaqudgha
Qazlal
Trog
The Shining One

Annotations:
D:4 2 exclusions

....†#.#..#..#.............,,,,,,
.......#....##.............,*,,,,
.......#..#.##.............,**,,,
.......#..#.##......)......,**,,,
.......#.#####.............,*,,,,
...........#....oo.........*,,,,,
......#####..#.oow.#......#*,*,,,
......,* #.####l###....###*,*,,,
....##,* #.# #@# *>#....#*,****
.###**,***#.#**#$#**.#.#..#*,*
.*** *,,,*#.#*,...,,.#,...#*,*
,,,* ***,*#.#*.....,..*#..#*,*
,*,* *,,..........#.**..,*,***
,,,*******#.##......#,**,*,,,,,*
**,,,,* **,*#......#,,,,*,,,*,*
*,**,****,,*#......#,,****,,*,**
*,>,,,**,,****,,,,**,,****,,,,,,


You could see an iguana (poisoned, weak-willed), an orc priest (weak-willed), an
orc wizard (invisible, weak-willed), a dart slug (unsilenced, weak-willed) and 2
orcs.


Message History

An orc comes into view. It is wielding a +0 dagger.
The dart slug bites you but does no damage. 😕 HP[+1] MP[-1]
You lost 1 mp, and now have 4/10 mp.
The orc shouts!
The dart slug launches a dart at you.
The slug dart hits you but does no damage. 😕 MP[+1]
The dart slug launches a dart at you. The slug dart hits you.
The dart slug launches a dart at you. The slug dart misses you. 😮 HP[-6]
You take 6 damage, and now have 26/42 hp. 😮 HP[+1] It was a potion of attraction.
You feel attractive to monsters. The orc is attracted toward you.
The orc priest is attracted toward you.
It was a potion of ambrosia.
You are confused.
You feel invigorated. The iguana bites you!
* * * LOW HITPOINT WARNING * * *
😨 HP[-10] MP[+5]
You take 10 damage, and now have 17/42 hp.
MASSIVE DAMAGE!! (PAUSE)
Your mp is fully restored (10).
Unknown command.
You're too confused to move!
The iguana bites you but does no damage. 😨 HP[+3]
You regained 3 hp, and now have 20/42 hp.
You hit the iguana but do no damage. The iguana closely misses you. 😮 HP[+5]
You regained 5 hp, and now have 25/42 hp.
You hit the iguana but do no damage. The iguana bites you. 😮 HP[-1]
You take 1 damage, and now have 24/42 hp.
You bump into the rock wall.
The iguana bites you but does no damage. 😮 HP[+5]
You regained 5 hp, and now have 29/42 hp.
You bump into the rock wall.
The iguana barely misses you. 😕 HP[+5]
You regained 5 hp, and now have 34/42 hp.
You bump into the rock wall.
You feel less invigorated.
You feel less confused. The iguana bites you. 😕 HP[-1]
You take 1 damage, and now have 33/42 hp.
Aiming: Spit Poison (1% risk of failure)
Press: ? - help, Shift-Dir - straight line, f/p - dart slug
Aim: a dart slug (severely wounded, 100% to hit)
The splash of poison hits the iguana.
The iguana is poisoned.
The iguana bites you!
* * * LOW HITPOINT WARNING * * *
😨 HP[-13]
You take 13 damage, and now have 20/42 hp.
MASSIVE DAMAGE!! (PAUSE) It was a potion of curing.
You feel better.
The iguana bites you but does no damage. 😮 HP[+9]
You regained 9 hp, and now have 29/42 hp.
It was a potion of cancellation.
Your magical effects are unravelling.
You feel magically purged.
The iguana bites you but does no damage.
You feel less attractive to monsters.
Unknown command.
Okay, then.
As you read the scroll labelled XIH LO EJO, it crumbles to dust.
It is a scroll of enchant weapon.
Your +0 dagger {short} glows red for a moment.
The orc priest mumbles some strange prayers to Beogh against you.
Beogh smites you!
* * * LOW HITPOINT WARNING * * *
The orc wizard casts a spell.
The orc wizard flickers and vanishes for a moment.
The iguana bites you.
* * * LOW HITPOINT WARNING * * *
😨 HP[-18]
You take 18 damage, and now have 11/42 hp.
MASSIVE DAMAGE!! (PAUSE)
As you read the scroll labelled QUNEUTT BATAL, it crumbles to dust.
You feel aware of your surroundings.
It was a scroll of magic mapping.
You have got your breath back.
The iguana bites you!
* * * LOW HITPOINT WARNING * * *
😱 HP[-8]
You take 8 damage, and now have 3/42 hp.
Okay, then.
Okay, then.
Okay, then.
Okay, then.
As you read the scroll labelled WUOR QOMUYHOPT, it crumbles to dust.
Magic quickly surges around you.
It was a scroll of vulnerability.
The iguana barely misses you.
As you read the scroll labelled BUTU CAGUNE, it crumbles to dust.
A profound silence engulfs you.
It was a scroll of silence.
The iguana bites you!
You die...

Skill      XL: |  1  2  3  4  5 |
---------------+----------------+-----
Spellcasting   | 3 |  3.4
Shields        | 1 |  1.5
Air Magic      | 4 |  4.0
Summonings     | 1 |  1.1
Dodging        | |  1.5
Stealth        | |  3.0
Conjurations   | |  1.0

Action                   |  1- 3 |  4- 6 || total
-------------------------+-------+-------++-------
Melee: Dagger            |    15 |     9 ||    24
 Cast: Shock             |    76 |    36 ||   112
       Static Discharge  |     1 |       ||     1
 Abil: Spit Poison       |     8 |     4 ||    12
  Use: Scroll            |       |     4 ||     4
       Potion            |       |     4 ||     4
 Stab: Sleeping          |       |     1 ||     1
Armor: Robe              |     6 |    12 ||    18
Dodge: Dodged            |    18 |     8 ||    26

Levels and vault maps discovered:
D:1:      kennysheep_arrival_forest, layout_basic
D:2:      layout_loops_ring, basic_ecumenical_altar, minivault_23
D:3:      layout_loops_ring, chequers_temple_overflow_minitemple
D:4:      layout_rooms, minivault_1, minmay_misc_feat_rugged, uniq_edmund

Notes
Turn   | Place    | Note
-------+----------+-------------------------------------------
     0 | D:1      | spaghetti the Naga Air Elementalist began the quest for the
                  | Orb.
     0 | D:1      | Reached XP level 1. HP: 15/15 MP: 3/3
     0 | D:1      | magus.rc [v1.9.6]
   376 | D:1      | Reached XP level 2. HP: 22/22 MP: 0/5
  1165 | D:1      | Reached XP level 3. HP: 25/28 MP: 4/6
  1168 | D:1      | Learned a level 2 spell: Static Discharge
  1732 | D:2      | Found a faded altar of an unknown god.
  1741 | D:2      | Prayed at the altar of an unknown god.
  1741 | D:2      | Became a worshipper of Cheibriados the Contemplative
  1741 | D:2      | Reached * piety under Cheibriados
  2631 | D:3      | Reached XP level 4. HP: 34/36 MP: 2/8
  2754 | D:3      | Reached skill level 3 in Spellcasting
  2862 | D:3      | Reached skill level 1 in Shields
  3080 | D:3      | Found a faded altar of an unknown god.
  3080 | D:3      | Found a stormy altar of Qazlal.
  3086 | D:3      | Found a glowing golden altar of the Shining One.
  3088 | D:3      | Found a bloodstained altar of Trog.
  3090 | D:3      | Found an ancient bone altar of Kikubaaqudgha.
  3311 | D:4      | You pick up a book of Blood and begin reading...
  3311 | D:4      | You add the spells Sublimation of Blood, Wereblood and
                  | Summon Hydra to your library.
  3323 | D:4      | Noticed a centaur
  3345 | D:4      | Reached ** piety under Cheibriados
  3386 | D:4      | Reached skill level 4 in Air Magic
  3386 | D:4      | Reached XP level 5. HP: 28/42 MP: 6/9
  3574 | D:4      | Reached skill level 1 in Summonings
  3592 | D:4      | HP: 3/42 [iguana (9)]
  3594 | D:4      | Mangled by an iguana

Vanquished Creatures
  A hound (D:4)
  An orc wizard (D:4)
  3 adders
  2 worms
  4 dart slugs
  2 endoplasms
  3 giant cockroaches
  2 goblins
  5 hobgoblins
  7 jackals
  6 kobolds
  8 ball pythons
  2 bats
  A frilled lizard (D:2)
  6 rats
53 creatures vanquished.

Table legend:
 A = Non-vault XP
 B = Vault XP
 C = Vault XP percentage of total XP
 D = Non-vault monster count
 E = Vault monster count
 F = Vault count percentage of total count
                 A         B        C        D         E       F
            +---------+---------+-------+---------+---------+-------
      Total |     208 |       0 |   0.0 |      53 |       0 |   0.0
            +---------+---------+-------+---------+---------+-------
        D:1 |      44 |       0 |   0.0 |      22 |       0 |   0.0
        D:2 |      19 |       0 |   0.0 |       9 |       0 |   0.0
        D:3 |      46 |       0 |   0.0 |      13 |       0 |   0.0
        D:4 |      99 |       0 |   0.0 |       9 |       0 |   0.0
            +---------+---------+-------+---------+---------+-------

Illustrated notes

Table legend:
 A = Kills in this place as a percentage of kills in entire the game.
 B = Kills by you in this place as a percentage of kills by you in the entire game.
 C = Kills by friends in this place as a percentage of kills by friends in the entire game.
 D = Other kills in this place as a percentage of other kills in the entire game.
 E = Experience gained in this place as a percentage of experience gained in the entire game.
 F = Experience gained in this place divided by the number of levels of this place that you have seen.
                   A       B       C       D       E      F
               +-------+-------+-------+-------+-------+----------------------
         Total | 100.0 | 100.0 |   N/A |   N/A | 100.0 |  52.0
       Dungeon | 100.0 | 100.0 |   N/A |   N/A | 100.0 |  52.0
               +-------+-------+-------+-------+-------+----------------------

Table legend: (Time is in decaauts)
 A = Elapsed time spent in this place.
 B = Non-inter-level travel time spent in this place.
 C = Inter-level travel time spent in this place.
 D = Time resting spent in this place.
 E = Time spent auto-exploring this place.
 F = Levels seen in this place.
 G = Mean time per level.
                   A        B        C        D        E       F      G
               +--------+--------+--------+--------+--------+-----+--------+
         Total |   4951 |   4759 |    192 |    115 |   4233 |   4 | 1237.8 |
       Dungeon |   4951 |   4759 |    192 |    115 |   4233 |   4 | 1237.8 |
               +--------+--------+--------+--------+--------+-----+--------+

Top non-repeatable levels by time:
     D:1: 1797 daAuts
     D:2: 1380 daAuts
     D:3: 1290 daAuts
     D:4: 483 daAuts
